 Dungeon Crawl Stone Soup version 0.30-a0-1160-g6e42c06551 (webtiles) character file.

Game seed: 1828774523630073925

1 FabianWz the Grave Robber (level 1, -1/13 HPs)
             Began as a Human Necromancer on Apr 26, 2023.
             Slain by a goblin
             ... wielding a +0 club
              (3 damage)
             ... on level 1 of the Dungeon.
             The game lasted 00:02:48 (65 turns).

FabianWz the Grave Robber (Human Necromancer)         Turns: 65, Time: 00:02:49

Health: -1/13      AC:  2    Str:  8    XL:     1   Next: 22%
Magic:  1/3        EV: 12    Int: 15    God:
Gold:   21         SH:  0    Dex: 13    Spells: 3/4 levels left

rFire   . . .        (no weapon)
rCold   . . .        (no shield)
rNeg    . . .        a - +0 robe
rPois   .            (no helmet)
rElec   .            (no cloak)
rCorr   .            (no gloves)
SInv    .            (no boots)
Will    .....        (no amulet)
Stlth   ++           (no ring)
HPRegen 0.22/turn    (no ring)
MPRegen 0.08/turn

%: no passive effects
@: no status effects
A: no striking features
a: no special abilities


You were on level 1 of the Dungeon.
You visited 1 branch of the dungeon, and saw 1 of its levels.

You collected 21 gold pieces.

Inventory:

Armour
 a - a +0 robe (worn)
Scrolls
 c - a scroll of identify {unknown}
Potions
 b - a potion of magic


   Skills:
 + Level 2.0 Dodging
 + Level 2.0 Stealth
 + Level 2.0 Spellcasting
 + Level 4.0 Necromancy


You had 3 spell levels left.
You knew the following spells:

 Your Spells              Type           Power      Damage    Failure   Level
a - Necrotise             Necr           52%        1d6       4%          1

Your spell library contained the following spells:

 Spells                   Type           Power      Damage    Failure   Level
 Vampiric Draining        Necr           13%        2d6       13%         3
 Apportation              Tloc           2%         N/A       22%         1
 Summon Small Mammal      Summ           4%         N/A       22%         1
 Animate Dead             Necr           13%        N/A       38%         4
 Agony                    Necr           13%        N/A       75%         5


Dungeon Overview and Level Annotations

Branches:
Dungeon (1/15)

Altars:


Message History

Aiming: Necrotise (safe; 4% risk of failure)
Press: ? - help, Shift-Dir - straight line, f - giant cockroach
Aim: a giant cockroach (chance to affect: 83%)
The giant cockroach writhes in agony.
Your kobold skeleton closely misses the goblin.
The giant cockroach closely misses you.
Casting: Necrotise (safe; 4% risk of failure)
Confirm with . or Enter, or press ? or * to list all spells.
You don't have enough magic to cast this spell.
Your kobold skeleton closely misses the goblin.
A rat comes into view.
The goblin hits you with a +0 club. The goblin attacks as you move away!
The goblin closely misses you. The goblin attacks as you move away!
The goblin barely misses you. The giant cockroach closely misses you.
The goblin barely misses you.
Your kobold skeleton hits the goblin.
The goblin closely misses you. The giant cockroach misses you.
You hit the giant cockroach but do no damage.
The giant cockroach is heavily wounded.
The ball python misses you. The ball python barely misses you.
The giant cockroach closely misses you. The goblin hits you with a +0 club.
The goblin hits your kobold skeleton with a +0 club.
The ball python misses you. The ball python barely misses you.
The giant cockroach closely misses you.
Your kobold skeleton completely misses the goblin.
The goblin closely misses you. The rat bites your kobold skeleton.
The goblin hits your kobold skeleton with a +0 club.
Your kobold skeleton is destroyed!
The ball python bites you. The ball python barely misses you.
The giant cockroach bites you but does no damage.
The goblin hits you with a +0 club.
A goblin comes into view. It is wielding a +0 dagger.
The goblin closely misses you. The goblin attacks as you move away!
The goblin hits you with a +0 club. The goblin attacks as you move away!
The goblin hits you with a +0 club.
* * * LOW HITPOINT WARNING * * *
The rat bites you but does no damage. The goblin attacks as you move away!
The goblin misses you. The goblin hits you with a +0 club.
You die...

##......#.##### .#
.# ##.........# .#
#..........#
#..........#
#..........#
.#..........#
#..........B.#
###........g####.#
#......grS@....#
#.......)g...#....
#...........## #
#..........##
#...............
...g........####
.#.........##
##.......##
#>........


You could see a giant cockroach, 3 goblins, a ball python and a rat.

Vanquished Creatures
  A kobold (D:1)
  A rat (D:1)
2 creatures vanquished.

Notes
Turn   | Place    | Note
-------+----------+-------------------------------------------
     0 | D:1      | FabianWz the Human Necromancer began the quest for the Orb.
     0 | D:1      | Reached XP level 1. HP: 13/13 MP: 3/3
    65 | D:1      | Slain by a goblin

Illustrated notes

Levels and vault maps discovered:
D:1:      giann_bridges, layout_rooms, nrook_mini_backslash

Action                     || total
---------------------------++-------
  Melee: Unarmed           ||     1
   Cast: Necrotise         ||     4
 Armour: Robe              ||     2
  Dodge: Dodged            ||    20

Table legend: (Time is in decaauts)
 A = Elapsed time spent in this place.
 B = Non-inter-level travel time spent in this place.
 C = Inter-level travel time spent in this place.
 D = Time resting spent in this place.
 E = Time spent auto-exploring this place.
 F = Levels seen in this place.
 G = Mean time per level.
                   A        B        C        D        E       F      G
               +--------+--------+--------+--------+--------+-----+--------+
         Total |     65 |     65 |      0 |      0 |      0 |   1 |   65.0 |
       Dungeon |     65 |     65 |      0 |      0 |      0 |   1 |   65.0 |
               +--------+--------+--------+--------+--------+-----+--------+

Top non-repeatable levels by time:
     D:1: 65 daAuts
